 Dungeon Crawl Stone Soup version 0.28.0-53-g5a82cb258f (webtiles) character file.

Game seed: 2888162090692383405

310 Tyros the Skirmisher (level 6, -4/66 HPs)
             Began as an Ogre Fighter on July 7, 2022.
             Killed by divine providence
             ... invoked by an orc priest
              (13 damage)
             ... on level 4 of the Dungeon.
             The game lasted 00:11:59 (3400 turns).

Tyros the Skirmisher (Ogre Fighter)                 Turns: 3400, Time: 00:12:00

Health: -4/66      AC:  3    Str: 21    XL:     6   Next: 41%
Magic:  6/6        EV: 14    Int: 16    God:
Gold:   131        SH:  9    Dex: 16    Spells: 5/5 levels left

rFire   . . .      SeeInvis .   k - +1 war axe
rCold   . . .      Faith    .   c - +0 kite shield
rNeg    . . .      Spirit   .   b - +0 robe
rPois   .          Reflect  .   (helmet restricted)
rElec   +          Harm     .   (no cloak)
rCorr   .          Rampage  .   (gloves unavailable)
Will    .....                   (boots unavailable)
Stlth   ++........              (no amulet)
HPRegen 0.21/turn               a - ring of Wydaups {Int+7 Dex+6}
MPRegen 0.10/turn               h - ring "Kogegewo" {rElec EV+4 Slay+3}

@: no status effects
A: large, unfitting armour, tough skin 1
a: no special abilities


You were on level 4 of the Dungeon.
You visited 1 branch of the dungeon, and saw 4 of its levels.

You collected 140 gold pieces.
You donated 9 gold pieces to Zin.

Inventory:

Hand Weapons
 k - a +1 war axe (weapon)
Missiles
 m - 15 bolts
Armour
 b - a +0 robe (worn)
 c - a +0 kite shield (worn)
Jewellery
 a - the ring of Wydaups (left hand) {Int+7 Dex+6}
   (You acquired it on level 4 of the Dungeon)

   [ring of dexterity]

   Int:       It affects your intelligence (+7).
   Dex:       It affects your dexterity (+6).
 e - a ring of protection from fire
 h - the ring "Kogegewo" (right hand) {rElec EV+4 Slay+3}
   (You found it on level 2 of the Dungeon)

   [ring of evasion]

   EV:        It affects your evasion (+4).
   Slay:      It affects your accuracy & damage with ranged weapons and melee
   (+3).
   rElec:     It insulates you from electricity.
Potions
 d - a potion of might
 f - a potion of resistance {unknown}
 j - 2 potions of flight {unknown}
 l - a potion of mutation {unknown}


   Skills:
 * Level 5.1 Fighting
 - Level 2.9 Long Blades
 * Level 2.0 Axes
 * Level 1.3 Armour
 * Level 3.7 Dodging
 * Level 1.3 Stealth
 * Level 3.3 Shields


You had 5 spell levels left.
You didn't know any spells.
Your spell library contained the following spells:

 Spells                   Type           Power      Damage    Failure   Level
 Blink                    Tloc           0%         N/A       65%         2
 Ensorcelled Hibernation  Hex/Ice        0%         N/A       65%         2
 Passwall                 Tmut/Erth      0%         N/A       65%         2
 Lesser Beckoning         Tloc           0%         N/A       87%         3
 Swiftness                Air            0%         N/A       87%         3
 Manifold Assault         Tloc           0%         N/A       100%        5


Dungeon Overview and Level Annotations

Branches:
Dungeon (4/15)
 Temple: D:4-7

Altars:
Fedhas
Makhleb
Wu Jian
Zin

Annotations:
D:4 Blork the orc


Innate Abilities, Weirdness & Mutations

You are too large for most types of armour.
You have tough skin. (AC +1)


Message History

Blork the orc points at you and mumbles some strange words.
The puff of frost hits you. The iguana closely misses you.
The hobgoblin misses you.
You hit the iguana but do no damage.
The iguana is severely wounded.
You hit the hobgoblin.
You kill the hobgoblin!
You hit Blork the orc.
The iguana bites you but does no damage.
You block Blork the orc's attack.
The orc priest casts a cantrip, but nothing happens.
The iguana bites you! Blork the orc casts a spell at you.
The puff of flame hits you!
A necrophage comes into view.
The orc priest looks satisfied for a moment.
Blork the orc points at you and mumbles some strange words.
You block the puff of frost.
The orc grunts loudly.
The iguana misses you.
The orc priest mumbles some strange prayers to Beogh against you.
Pain shoots through your body!
* * * LOW HITPOINT WARNING * * *
You feel better.
The orc priest miscasts a cantrip.
Blork the orc hits you with a +0 mace.
Blork the orc gestures at you while chanting.
The magic dart hits you!
* * * LOW HITPOINT WARNING * * *
Blork the orc points at you and mumbles some strange words.
The magic dart hits you!
* * * LOW HITPOINT WARNING * * *
The orc priest looks encouraged for a moment.
There is a stone staircase leading down here.
You can't go up here!
Unknown command.
You block Blork the orc's attack.
The orc priest calls down the wrath of Beogh upon you.
Beogh smites you!
You die...

# #o# ##. #.n ... ####..
#.#.......## # . #.#.#
...# .. ..# #..#
##.###...
....####<#######o.......
#.......oo#...ln....##
###..@o##.l..#####.##
#...###..### .#
####....## .. #.....#
... ##...## .... #....
.... ...###. ...# ..


You could see Blork the orc (fast), an orc priest and an orc.

Vanquished Creatures
  2 orc priests (D:3)
  Jessica (D:2)
  3 orc wizards (D:3)
  5 adders
  6 dart slugs
  10 orcs (D:3)
  8 bats
  7 endoplasms
  3 giant cockroaches
  8 goblins
  6 hobgoblins
  3 jackals (D:3)
  7 kobolds
  4 quokkas
  4 ball pythons
  5 frilled lizards
  5 rats
87 creatures vanquished.

Notes
Turn   | Place    | Note
-------+----------+-------------------------------------------
     0 | D:1      | Tyros the Ogre Fighter began the quest for the Orb.
     0 | D:1      | Reached XP level 1. HP: 24/24 MP: 1/1
   294 | D:1      | Reached XP level 2. HP: 32/32 MP: 2/2
   630 | D:1      | Reached XP level 3. HP: 38/40 MP: 3/3
  1540 | D:2      | Reached XP level 4. HP: 35/49 MP: 4/4
  1682 | D:2      | Identified the ring "Kogegewo" {rElec EV+4 Slay+3}
  1777 | D:2      | Found a faded altar of an unknown god.
  1785 | D:2      | Prayed at the altar of an unknown god.
  1785 | D:2      | Became a worshipper of Zin the Law-Giver
  1785 | D:2      | Reached * piety under Zin
  1786 | D:2      | Fell from the grace of Zin
  1871 | D:2      | Noticed Jessica
  1878 | D:2      | Killed Jessica
  2104 | D:3      | Found an ornate altar of the Wu Jian Council.
  2114 | D:3      | Found a burning altar of Makhleb.
  2142 | D:3      | Found a blossoming altar of Fedhas.
  2241 | D:3      | Reached XP level 5. HP: 55/55 MP: 5/5
  2306 | D:3      | Reached skill level 1 in Stealth
  2319 | D:3      | Reached skill level 1 in Armour
  2339 | D:3      | Reached skill level 1 in Axes
  2564 | D:3      | Reached XP level 6. HP: 38/65 MP: 6/6
  2568 | D:3      | Reached skill level 5 in Fighting
  3113 | D:4      | Identified a scroll of acquirement
  3113 | D:4      | Acquired the ring of Wydaups {Int+7 Dex+6}
  3379 | D:4      | Noticed Blork the orc
  3388 | D:4      | Noticed a necrophage
  3400 | D:4      | Killed from afar by an orc priest

Illustrated notes

Levels and vault maps discovered:
D:1:      minmay_arrival_semitransparent, layout_basic
D:2:      layout_loops_ring, ebering_ecumenical_altar_hall, uniq_jessica
D:3:      layout_basic, mainiacjoe_overflow_cross_hatched,
          mainiacjoe_overflow_catwalk_spiral
D:4:      layout_cave_pools, cheibrodos_sewer_entry_drain,
          uniq_crazy_yiuf_cottage, uniq_ijyb, uniq_pikel, uniq_blork_the_orc

Skill      XL: |  1  2  3  4  5  6 |
---------------+-------------------+-----
Dodging        | 3 |  3.7
Long Blades    | 2 |  2.9
Shields        | 3 |  3.3
Stealth        | 1 |  1.3
Armour         | 1 |  1.3
Axes           | 1 2 |  2.0
Fighting       | 5 |  5.1

Action                   |  1- 3 |  4- 6 || total
-------------------------+-------+-------++-------
Melee: Long sword        |    91 |    45 ||   136
       War axe           |       |   102 ||   102
Invok: Renounce Religion |       |     1 ||     1
  Use: Scroll            |     1 |     2 ||     3
       Potion            |       |     3 ||     3
 Stab: Sleeping          |       |     1 ||     1
Armor: Robe              |    35 |    33 ||    68
Dodge: Dodged            |    50 |    98 ||   148
Block: Kite shield       |    37 |    62 ||    99
